 Dungeon Crawl Stone Soup version 0.29.1-15-g9cfb28693d (webtiles) character file.

Game seed: 3257172715444272374

119 MacCMillion the Shooter (level 4, 0/36 HPs)
             Began as a Demigod Hunter on Apr 4, 2023.
             Slain by an orc priest
             ... wielding a +0 hand axe
              (5 damage)
             ... on level 3 of the Dungeon.
             The game lasted 00:03:58 (2848 turns).

MacCMillion the Shooter (Demigod Hunter)            Turns: 2848, Time: 00:03:58

Health: 0/36       AC:  4    Str: 12    XL:     4   Next: 46%
Magic:  6/6        EV: 12    Int: 11    God:
Gold:   147        SH:  0    Dex: 21    Spells: 3/3 levels left

rFire   . . .      SeeInvis .   i - +0 sling
rCold   . . .      Faith    .   (no shield)
rNeg    . . .      Spirit   .   c - +0 leather armour
rPois   .          Reflect  .   (no helmet)
rElec   .          Harm     .   e - +0 cloak
rCorr   .          Rampage  .   (no gloves)
Will    .....                   (no boots)
Stlth   ++........              (no amulet)
HPRegen 0.12/turn               (no ring)
MPRegen 0.10/turn               (no ring)

@: studying Necromancy
A: high MP 1, forlorn, divine attributes
a: no special abilities


You were on level 3 of the Dungeon.
You visited 1 branch of the dungeon, and saw 3 of its levels.

You collected 177 gold pieces.
You spent 30 gold pieces at shops.

Inventory:

Hand Weapons
 a - a +0 shortbow
 i - a +0 sling (weapon)
Missiles
 l - 2 throwing nets
Armour
 c - a +0 leather armour (worn)
 e - a +0 cloak (worn)
Scrolls
 b - a scroll of immolation
 d - a scroll of butterflies
 f - a scroll of amnesia
 g - 3 scrolls of teleportation
 j - a scroll of enchant armour {unknown}
 n - a scroll of noise {unknown}
 p - a scroll of poison {unknown}
 q - a scroll of blinking {unknown}
Potions
 h - a potion of haste {unknown}
 k - a potion of attraction {unknown}
 m - a potion of degeneration {unknown}
 o - a potion of curing


   Skills:
 - Level 1.7 Fighting
 + Level 5.6 Ranged Weapons
 - Level 1.7 Dodging
 - Level 0.8 Stealth


You had 3 spell levels left.
You didn't know any spells.
Your spell library contained the following spells:

 Spells                   Type           Power      Damage    Failure   Level
 Freeze                   Ice            0%         1d3       41%         1
 Frozen Ramparts          Ice            0%         1d1       80%         3
 Hailstorm                Conj/Ice       0%         3d3       99%         4


Dungeon Overview and Level Annotations

Branches:
Dungeon (3/15)

Shops:
D:3 *


Innate Abilities, Weirdness & Mutations

You have an increased reservoir of magic. (+10% MP)
You shall have no god before yourself.
Your divine heritage dramatically boosts your attributes as you level up.


Message History

Unknown command.
Fire: i) +0 sling
Press: ? - help, Q - select action, (/) - cycle Shift-Dir - straight line, f/p - orc priest
Aim: an orc priest, wielding a +0 hand axe (moderately wounded, 62% to hit)
You shoot a sling bullet. The sling bullet hits the orc priest!
The orc priest is almost dead.
The orc priest hits you with a +0 hand axe.
* * * LOW HITPOINT WARNING * * *
Unknown command.
Fire: i) +0 sling
Press: ? - help, Q - select action, (/) - cycle Shift-Dir - straight line, f/p - orc priest
Aim: an orc priest, wielding a +0 hand axe (almost dead, 62% to hit)
You shoot a sling bullet.
The sling bullet barely misses the orc priest.
An endoplasm comes into view.
The orc priest misses you.
Unknown command.
Fire: i) +0 sling
Press: ? - help, Q - select action, (/) - cycle Shift-Dir - straight line, f/p - orc priest
Aim: an orc priest, wielding a +0 hand axe (severely wounded, 62% to hit)
You shoot a sling bullet.
The sling bullet hits the orc priest but does no damage.
The orc priest is severely wounded.
The orc priest hits you with a +0 hand axe.
* * * LOW HITPOINT WARNING * * *
Unknown command.
Fire: i) +0 sling
Press: ? - help, Q - select action, (/) - cycle Shift-Dir - straight line, f/p - orc priest
Aim: an orc priest, wielding a +0 hand axe (severely wounded, 62% to hit)
You shoot a sling bullet. The sling bullet hits the orc priest.
The orc priest is almost dead.
The orc priest barely misses you.
Unknown command.
Fire: i) +0 sling
Press: ? - help, Q - select action, (/) - cycle Shift-Dir - straight line, f/p - orc priest
Aim: an orc priest, wielding a +0 hand axe (almost dead, 62% to hit)
You shoot a sling bullet.
The sling bullet barely misses the orc priest.
The orc priest hits you with a +0 hand axe.
You die...

. #.....# . #.###.# .
##.###.# # ##...##.# #
#.....#.# # #.....#.# ##
#.....#.#
.#####.###.#.#############
.o....## ##....o@........#
:###..# #.J...########.#
## #..# #..##.# #.# ...(#
#.#.##.# #.#
##.#...†##.##)# #.#
#.....# #.##.# #.# #...###
#.##.########.## #...#
#..............#
...#######..#


You could see an orc priest and an endoplasm.

Vanquished Creatures
  Natasha (thrice) (D:2)
  A worm (D:2)
  2 dart slugs (D:2)
  An orc (D:3)
  2 ball pythons
  3 endoplasms (D:1)
  3 giant cockroaches
  6 goblins
  2 hobgoblins
  3 kobolds
  A quokka (D:1)
  3 bats
  3 frilled lizards
  2 rats (D:2)
35 creatures vanquished.

Notes
Turn   | Place    | Note
-------+----------+-------------------------------------------
     0 | D:1      | MacCMillion the Demigod Hunter began the quest for the Orb.
     0 | D:1      | Reached XP level 1. HP: 17/17 MP: 3/3
   275 | D:1      | Reached skill level 4 in Ranged Weapons
   545 | D:1      | Reached XP level 2. HP: 24/24 MP: 4/4
   920 | D:2      | Noticed Natasha
  1189 | D:2      | Reached XP level 3. HP: 19/29 MP: 5/5
  1363 | D:2      | Killed Natasha
  1364 | D:2      | Reached skill level 5 in Ranged Weapons
  1392 | D:2      | Noticed Natasha
  1591 | D:2      | Killed Natasha
  1592 | D:2      | Reached XP level 4. HP: 22/36 MP: 6/6
  2354 | D:2      | Noticed Natasha
  2367 | D:2      | Killed Natasha
  2718 | D:3      | Found Jemokuidgh's General Store.
  2725 | D:3      | Bought a scroll of teleportation for 30 gold pieces
  2848 | D:3      | Slain by an orc priest

Illustrated notes

Levels and vault maps discovered:
D:1:      dpeg_arrival_houses_and_road, layout_loops_ring
D:2:      layout_basic, ebering_ecumenical_altar_sacrificial, basic_altar,
          uniq_natasha
D:3:      layout_loops_ring, portal_sewer_entry_f, serial_shops,
          nicolae_shop_stone, nicolae_shop_crystal

Skill      XL: |  1  2  3 |
---------------+----------+-----
Ranged Weapons | 4 5 |  5.6
Fighting       | |  1.7
Dodging        | |  1.7
Stealth        | |  0.8

Action                   |  1- 3 |  4- 6 || total
-------------------------+-------+-------++-------
 Fire: Shortbow          |    31 |       ||    31
       Sling             |    76 |    49 ||   125
  Use: Scroll            |       |     2 ||     2
Armor: Leather armour    |     9 |     1 ||    10
       Skin              |     4 |       ||     4
Dodge: Dodged            |    24 |    10 ||    34
